 Dungeon Crawl Stone Soup version 0.26.1-10-gdfb7c7de75 (webtiles) character file.

Game seed: 1064155564222567595

202 ISoar the Grasshopper (level 5, -3/41 (43) HPs)
             Began as a Gnoll Warper on Apr 4, 2021.
             Slain by a large abomination (29 damage)
             ... on level 1 of the Abyss.
             The game lasted 00:04:05 (2067 turns).

ISoar the Grasshopper (Gnoll Warper)                Turns: 2067, Time: 00:04:06

HP:   -3/41 (43)    AC:  6    Str: 13    XL:     5   Next: 80%
MP:   12/12         EV: 14    Int: 17    God:
Gold: 87            SH:  0    Dex: 14    Spells: 12/14 levels left

rFire    x . .     SeeInvis .   r - +1 great sword (protect)
rCold    + . .     Faith    .   (shield currently unavailable)
rNeg     . . .     Spirit   .   b - +0 leather armour
rPois    .         Reflect  .   (no helmet)
rElec    .         Harm     .   p - +2 cloak
rCorr    .         Rampage  .   (no gloves)
Will     +....                  (no boots)
Stlth    ++........             (no amulet)
HPRegen  0.00/turn              c - ring of willpower
MPRegen  0.13/turn              h - ring of ice

@: non-regenerating, diseased, lightly drained
A: distributed training, fangs 1, strong nose
a: no special abilities


You were on level 1 of the Abyss.
You visited 1 branch of the dungeon, and saw 2 of its levels.
You visited the Abyss 1 time.

You collected 87 gold pieces.

Inventory:

Hand Weapons
 a - a +0 falchion
 r - a +1 great sword of protection (weapon)
Missiles
 e - 5 boomerangs of dispersal (quivered)
Armour
 b - a +0 leather armour (worn)
 p - a +2 cloak (worn)
Jewellery
 c - a ring of willpower (left hand)
 h - a ring of ice (right hand)
Wands
 q - a wand of random effects (27)
Scrolls
 d - a scroll of blinking
 f - a scroll of random uselessness {unknown}
 i - a scroll of enchant weapon {unknown}
 j - 2 scrolls of teleportation {unknown}
 m - 4 scrolls of identify {unknown}
Potions
 g - a potion of curing {unknown}
 k - 2 potions of brilliance {unknown}
 l - a potion of might {unknown}
 n - a potion of heal wounds {unknown}
 o - 2 potions of mutation {unknown}
 s - a potion of berserk rage {unknown}


   Skills:
 + Level 4.8 Fighting
 + Level 1.6 Short Blades
 + Level 4.8 Long Blades
 + Level 1.6 Axes
 + Level 1.6 Maces & Flails
 + Level 1.6 Polearms
 + Level 1.6 Staves
 + Level 1.6 Slings
 + Level 1.6 Bows
 + Level 1.6 Crossbows
 + Level 3.0 Throwing
 + Level 3.0 Armour
 + Level 4.8 Dodging
 + Level 1.6 Stealth
 + Level 1.6 Shields
 + Level 1.6 Unarmed Combat
 + Level 5.2 Spellcasting
 + Level 1.3 Conjurations
 + Level 1.3 Hexes
 + Level 1.3 Summonings
 + Level 1.3 Necromancy
 + Level 5.6 Translocations
 + Level 1.3 Transmutations
 + Level 1.3 Fire Magic
 + Level 1.3 Ice Magic
 + Level 1.3 Air Magic
 + Level 1.3 Earth Magic
 + Level 1.3 Poison Magic
 + Level 1.8 Invocations
 + Level 1.6 Evocations


You had 12 spell levels left.
You knew the following spells:

 Your Spells              Type           Power        Failure   Level
a - Blink                 Tloc           N/A          2%          2

Your spell library contained the following spells:

 Spells                   Type           Power        Failure   Level
 Gell's Gravitas          Tloc           11%          5%          3
 Lesser Beckoning         Tloc           11%          5%          3
 Teleport Other           Tloc           23%          5%          3
 Passage of Golubria      Tloc           N/A          19%         4


Dungeon Overview and Level Annotations

Branches:
Dungeon (2/15)

Altars:

Annotations:
D:2 Crazy Yiuf


Innate Abilities, Weirdness & Mutations

Your experience applies equally to all skills.
You have very sharp teeth.
Your uncanny sense of smell can sniff out nearby items.


Message History

This branch contains the abyssal rune of Zot.
There is an open translucent door here.
Found a ring mail.
Found a glowing great sword.
Found a fizzy blue potion.
You see here a glowing great sword.
r - a glowing great sword
s - a fizzy blue potion You are suddenly pulled into a different region of the Abyss!
Your +1 great sword of protection hums with potential!
r - a +1 great sword of protection (weapon)
Found a scroll labelled ULIJYX NUASKEOLYU.
m - 4 scrolls labelled ULIJYX NUASKEOLYU (gained 1)
You feel yourself growing ill in the presence of the ancient zyme.
A large abomination comes into view.
The large abomination hits you!
You feel ill.
The large abomination barely misses you.
The large abomination hits you!!
Ouch! That really hurt!
You die...

.. ..# ... ..
#.# .# ##.####.#
#....#..##
#....#.###
#..X..##.# ##
#.@..#..##§.#.#
#..##..##...§#
##.#.#.##.#..#
..#. ..x..x#
#####......#.. #
# #.#..##... #.#
#
###...#..###..?#
# # .#.#.#. ...
.#..#### .. . #


You could see a large abomination.

Vanquished Creatures
  Sigmund (D:2)
  An ooze (D:2)
  3 dart slugs
  2 leopard geckos
  A ball python (D:2)
  4 bats
  2 giant cockroaches (D:2)
  4 goblins
  6 hobgoblins
  2 jackals (D:2)
  4 kobolds
  2 quokkas (D:2)
  4 frilled lizards
  4 rats
40 creatures vanquished.

Notes
Turn   | Place    | Note
-------+----------+-------------------------------------------
     0 | D:1      | ISoar the Gnoll Warper began the quest for the Orb.
     0 | D:1      | Reached XP level 1. HP: 20/20 MP: 6/6
   345 | D:1      | Reached XP level 2. HP: 25/26 MP: 7/7
  1110 | D:2      | Noticed Sigmund
  1130 | D:2      | Learned a level 2 spell: Blink
  1176 | D:2      | Reached XP level 3. HP: 26/31 MP: 9/9
  1189 | D:2      | Reached skill level 5 in Spellcasting
  1422 | D:2      | Reached skill level 1 in Invocations
  1562 | D:2      | Killed Sigmund
  1563 | D:2      | Reached skill level 1 in Short Blades
  1563 | D:2      | Reached skill level 1 in Axes
  1563 | D:2      | Reached skill level 1 in Maces & Flails
  1563 | D:2      | Reached skill level 1 in Polearms
  1563 | D:2      | Reached skill level 1 in Staves
  1563 | D:2      | Reached skill level 1 in Slings
  1563 | D:2      | Reached skill level 1 in Bows
  1563 | D:2      | Reached skill level 1 in Crossbows
  1563 | D:2      | Reached skill level 1 in Stealth
  1563 | D:2      | Reached skill level 1 in Shields
  1563 | D:2      | Reached skill level 1 in Unarmed Combat
  1563 | D:2      | Reached skill level 1 in Conjurations
  1563 | D:2      | Reached skill level 1 in Hexes
  1563 | D:2      | Reached skill level 1 in Summonings
  1563 | D:2      | Reached skill level 1 in Necromancy
  1563 | D:2      | Reached skill level 1 in Transmutations
  1563 | D:2      | Reached skill level 1 in Fire Magic
  1563 | D:2      | Reached skill level 1 in Ice Magic
  1563 | D:2      | Reached skill level 1 in Air Magic
  1563 | D:2      | Reached skill level 1 in Earth Magic
  1563 | D:2      | Reached skill level 1 in Poison Magic
  1563 | D:2      | Reached skill level 1 in Evocations
  1563 | D:2      | Reached XP level 4. HP: 15/38 MP: 11/11
  1563 | D:2      | Reached XP level 5. HP: 17/43 MP: 12/12
  1934 | D:2      | Found a runed translucent door.
  1935 | D:2      | Noticed Crazy Yiuf
  1997 | D:2      | Cast into level 1 of the Abyss (Crazy Yiuf)
  2060 | Abyss:1  | Noticed an ancient zyme
  2060 | Abyss:1  | Noticed a wraith
  2063 | Abyss:1  | Noticed a large abomination
  2067 | Abyss:1  | Slain by a large abomination

Illustrated notes

Levels and vault maps discovered:
D:1:      dpeg_arrival_water_temple_mockup, layout_basic, minmay_tripent
D:2:      layout_rooms, uniq_crazy_yiuf_cottage, uniq_sigmund
Abyss:1:  base: D:2, hangedman_abyss_or_decor_stabs

Skill      XL: |  1  2  3 |
---------------+----------+-----
Spellcasting   | 5 |  5.2
Invocations    | 1 |  1.8
Short Blades   | 1 |  1.6
Axes           | 1 |  1.6
Maces & Flails | 1 |  1.6
Polearms       | 1 |  1.6
Staves         | 1 |  1.6
Slings         | 1 |  1.6
Bows           | 1 |  1.6
Crossbows      | 1 |  1.6
Throwing       | 3 |  3.0
Armour         | 3 |  3.0
Stealth        | 1 |  1.6
Shields        | 1 |  1.6
Unarmed Combat | 1 |  1.6
Conjurations   | 1 |  1.3
Hexes          | 1 |  1.3
Summonings     | 1 |  1.3
Necromancy     | 1 |  1.3
Transmutations | 1 |  1.3
Fire Magic     | 1 |  1.3
Ice Magic      | 1 |  1.3
Air Magic      | 1 |  1.3
Earth Magic    | 1 |  1.3
Poison Magic   | 1 |  1.3
Evocations     | 1 |  1.6
Fighting       | |  4.8
Long Blades    | |  4.8
Dodging        | |  4.8
Translocations | |  5.6

Action                   |  1- 3 |  4- 6 || total
-------------------------+-------+-------++-------
Melee: Falchion          |   117 |    13 ||   130
       Bite              |    15 |       ||    15
 Stab: Sleeping          |       |     1 ||     1
Armor: Leather armour    |    28 |     7 ||    35
Dodge: Dodged            |    68 |    11 ||    79
       Rpst.: Falchion   |    22 |     5 ||    27
